 Dungeon Crawl Stone Soup version 0.26-a0-845-gfacbca91cf (console) character file.

Game seed: 1793253047809008075

119651 Ignak the Thaumaturge (level 16, -32/125 HPs)
             Began as a Gnoll Hedge Wizard on Nov 19, 2020.
             Was a Priest of Sif Muna.
             Killed from afar by a frost giant (49 damage)
             ... with a bolt of cold
             ... on level 15 of the Dungeon.
             The game lasted 02:19:14 (33668 turns).

Ignak the Thaumaturge (Gnoll Hedge Wizard)         Turns: 33668, Time: 02:19:15

Health: -32/125    AC: 30    Str: 20    XL:     16   Next: 80%
Magic:  25/32      EV: 19    Int: 27    God:    Sif Muna [***...]
Gold:   1417       SH:  9    Dex: 15    Spells: 9/40 levels left

rFire    . . .     SeeInvis .   K - +9 short sword {drain, rPois rC- Str+7 Int+4}
rCold    . . .     Faith    .   M - +2 buckler {AC+3}
rNeg     . . .     Spirit   .   a - +0 acid dragon scales
rPois    +         Reflect  .   l - +2 helmet
rElec    .         Harm     .   L - +2 cloak
rCorr    +         Rampage  .   A - +2 pair of gloves
MR       +....                  F - +2 pair of boots
Stlth    +++++.....             r - amulet of regeneration
HPRegen  0.70/turn              O - +4 ring of protection
MPRegen  0.23/turn              P - ring of protection from cold

@: no status effects
A: distributed training, fangs 1, strong nose
a: Channel Magic, Forget Spell, Renounce Religion


You were on level 15 of the Dungeon.
You worshipped Sif Muna.
Sif Muna was most pleased with you.
You visited 4 branches of the dungeon, and saw 24 of its levels.
You also visited: Gauntlet.

You collected 3770 gold pieces.
You spent 2353 gold pieces at shops.

Inventory:

Hand Weapons
 C - the +8 hunting sling of Ataxouc {freeze, rPois MP+9 Int+4}
   (You found it on level 13 of the Dungeon)

   It causes projectiles fired from it to freeze those they strike, causing
   extra injury to most foes and up to half again as much damage against
   particularly susceptible opponents.
   They can also slow down cold-blooded creatures.
   It affects your intelligence (+4).
   It protects you from poison.
   It affects your magic capacity (+9).
 G - a +9 long sword of freezing
 K - the +9 short sword of Unuippamice (weapon) {drain, rPois rC- Str+7 Int+4}
   (You found it on level 13 of the Dungeon)

   A truly terrible weapon, it drains the life of those it strikes.
   It affects your strength (+7).
   It affects your intelligence (+4).
   It makes you vulnerable to cold.
   It protects you from poison.
Missiles
 u - 58 poisoned darts (quivered)
Armour
 a - +0 acid dragon scales (worn)
 g - a +2 robe of resistance
 l - a +2 helmet (worn)
 m - a +2 ring mail of magic resistance
 A - a +2 pair of gloves (worn)
 F - a +2 pair of boots (worn)
 L - a +2 cloak (worn)
 M - a +2 buckler of protection (worn)
 S - +0 fire dragon scales
 Y - a +2 kite shield
Jewellery
 b - an uncursed amulet of the acrobat
 i - an uncursed ring of magical power
 r - an amulet of regeneration (around neck)
 w - the ring of Jifogh {rPois Str+3}
   (You found it in a Gauntlet)

   [ring of poison resistance]

   It affects your strength (+3).
   It protects you from poison.
 O - a +4 ring of protection (left hand)
 P - a ring of protection from cold (right hand)
 U - an uncursed ring of stealth
 Z - a +4 ring of evasion {unknown}
Wands
 d - a wand of random effects (66)
 n - a wand of disintegration (13)
 t - a wand of digging (12)
 x - a wand of iceblast (7)
 y - a wand of flame (28)
 B - a wand of polymorph (7)
Scrolls
 c - 12 scrolls of remove curse
 e - 3 scrolls of blinking
 f - 9 scrolls of teleportation
 o - 5 scrolls of amnesia
 s - 5 scrolls of fog
 D - 2 scrolls of magic mapping
 E - 3 scrolls of immolation
 H - 2 scrolls of holy word
 I - a scroll of enchant weapon
 J - 5 scrolls of identify
 N - 3 scrolls of fear
 R - a scroll of torment
 W - a scroll of silence
Potions
 h - 5 potions of curing
 j - 5 potions of flight
 k - 2 potions of berserk rage
 q - a potion of resistance
 v - 5 potions of heal wounds
 z - a potion of ambrosia
 Q - a potion of invisibility
 T - 4 potions of haste
 V - 2 potions of brilliance
 X - 2 potions of lignification
Miscellaneous
 p - a phantom mirror (inert)


   Skills:
 + Level 11.0 Fighting
 + Level 11.0 Short Blades
 + Level 11.0 Long Blades
 + Level 11.0 Axes
 + Level 11.0 Maces & Flails
 + Level 11.0 Polearms
 + Level 11.0 Staves
 + Level 11.0 Slings
 + Level 11.0 Bows
 + Level 11.0 Crossbows
 + Level 11.0 Throwing
 + Level 11.0 Armour
 + Level 11.8 Dodging
 + Level 11.7 Stealth
 + Level 11.0 Shields
 + Level 11.0 Unarmed Combat
 + Level 12.8 Spellcasting
 + Level 9.6 Conjurations
 + Level 9.4 Hexes
 + Level 9.6 Summonings
 + Level 9.4 Necromancy
 + Level 9.6 Translocations
 + Level 9.4 Transmutations
 + Level 9.4 Fire Magic
 + Level 9.4 Ice Magic
 + Level 9.4 Air Magic
 + Level 9.4 Earth Magic
 + Level 9.4 Poison Magic
 + Level 11.9 Invocations
 + Level 11.0 Evocations


You had 9 spell levels left.
You knew the following spells:

 Your Spells              Type           Power        Failure   Level
a - Magic Dart            Conj           ####         1%          1
b - Blink                 Tloc           N/A          1%          2
c - Slow                  Hex            ######..     1%          2
d - Mephitic Cloud        Conj/Pois/Air  ######..     1%          3
e - Call Imp              Summ           ######..     1%          2
f - Lightning Bolt        Conj/Air       ######....   2%          5
g - Fireball              Conj/Fire      ######....   2%          5
q - Tukima's Dance        Hex            ######..     1%          3
x - Sticky Flame          Conj/Fire      ######..     1%          4
z - Hailstorm             Conj/Ice       ######..     1%          4

Your spell library contained the following spells:

 Spells                   Type           Power        Failure   Level
 Animate Skeleton         Necr           ######       1%          1
 Foxfire                  Conj/Fire      ####         1%          1
 Pain                     Necr           ####         1%          1
 Shock                    Conj/Air       ####         1%          1
 Summon Small Mammal      Summ           ####         1%          1
 Sublimation of Blood     Necr           ######....   1%          2
 Call Canine Familiar     Summ           ######..     1%          3
 Confusing Touch          Hex            ######..     1%          3
 Conjure Flame            Conj/Fire      ######..     1%          3
 Gell's Gravitas          Tloc           ######....   1%          3
 Inner Flame              Hex/Fire       ######..     1%          3
 Lesser Beckoning         Tloc           ######....   1%          3
 Static Discharge         Conj/Air       ######..     1%          3
 Summon Guardian Golem    Hex/Summ       ######..     1%          3
 Teleport Other           Tloc           ######..     1%          3
 Vampiric Draining        Necr           ######....   1%          3
 Animate Dead             Necr           ######....   1%          4
 Passage of Golubria      Tloc           N/A          1%          4
 Petrify                  Tmut/Erth      ######..     1%          4
 Summon Ice Beast         Ice/Summ       ######..     1%          4
 Summon Lightning Spire   Summ/Air       ######..     1%          4
 Iskenderun's Battlesphe  Conj           ######..     1%          5
 Agony                    Necr           ######..     2%          5
 Bolt of Magma            Conj/Fire/Erth ######....   2%          5
 Borgnjor's Vile Clutch   Necr/Erth      ######....   2%          5
 Excruciating Wounds      Necr           ######....   2%          5
 Metabolic Englaciation   Hex/Ice        ######....   2%          5
 Yara's Violent Unravell  Hex/Tmut       ######....   2%          5
 Iron Shot                Conj/Erth      ######....   12%         6
 Death Channel            Necr           ######....   13%         6
 Orb of Destruction       Conj           ######....   54%         7
 Spellforged Servitor     Conj/Summ      ######....   54%         7
 Ignition                 Fire           ######....   99%         8
 Necromutation            Tmut/Necr      ######....   99%         8
 Summon Horrible Things   Summ           ######....   99%         8
 Shatter                  Erth           ######....   100%        9
 Tornado                  Air            ######....   100%        9


Dungeon Overview and Level Annotations

Branches:
Dungeon (15/15)            Temple (1/1) D:7            Lair (6/6) D:10
 Shoals (0/4) Lair:4        Snake (0/4) Lair:4        Slime (0/5) Lair:5
    Orc (2/2) D:12            Elf (0/3) Orc:2        Vaults (0/5) D:14
 Depths (0/5) D:15        Gauntlet (visited)

Altars:
Ashenzari
Cheibriados
Fedhas
Gozag
Hepliaklqana
Kikubaaqudgha
Nemelex Xobeh
Okawaru
Qazlal
Ru
Sif Muna
Trog
Vehumet
Wu Jian
Yredelemnul
Zin
The Shining One

Shops:
D:8 [*(?(   Orc:2 *=*:

Annotations:
D:15 1 transporter


Innate Abilities, Weirdness & Mutations

Your experience applies equally to all skills.
You have very sharp teeth.
Your uncanny sense of smell can sniff out nearby items.


Message History

The rakshasa hits your frost giant with a +0 whip!
Evoke which item? (* to show all) (? for menu, Esc to quit)
Press: ? - help, Shift-Dir - straight line, f/p - frost giant
Aim: a frost giant, wielding a +1 battleaxe of freezing (lightly wounded)
The puff of flame hits the frost giant.
The frost giant is lightly wounded.
The rakshasa weaves an illusion.
The frost giant shimmers and seems to become two!
Your frost giant casts a spell at the frost giant.
The bolt of cold hits the frost giant.
The frost giant resists.
The frost giant gestures at you while chanting.
The bolt of cold hits you. The frost giant casts a spell at you.
The bolt of cold hits you!!
* * * LOW HITPOINT WARNING * * *
Press: ? - help, Dir - move target cursor, p - frost giant
As you read the scroll of blinking, it crumbles to dust.
The frost giant points at you and mumbles some strange words.
The bolt of cold hits you!!!
You die...

............###.#$.....†..#.....#
................#(....()..#...###
#..#######..#..©.!..R©.....©..#
#..# #..##.§.$CC......#..## #..#
#..###....C.?....#..#### #..#
#..###...(.............. ..(#
#....."##.......##...... ...#
#........########....###
#..#######..###.@........[...##
#...........# #.####)........#
#...........# #'##########'.(#
#...........# ##..........#(.#
#...........# #.........)#(.#
#...........# #..8####8..#(.#
#.......p...####..## ##..#..####
...............#..# #..#))....
...............#..# #..#....<.


You could see 2 frost giants, a rakshasa and a friendly frost giant (summoned,
drained).

Vanquished Creatures
  Kirke (D:15)
  2 entropy weavers (Lair:3)
  A stone giant (Orc:1)
  A minotaur (Gauntlet)
  Snorg (D:14)
  An ettin (Orc:1)
  2 fire dragons (D:14)
  3 boulder beetles
  2 rakshasas (D:15)
  3 vault guards (D:14)
  4 catoblepae
  10 hydras
  2 centaur warriors
  A merfolk avatar (Lair:6)
  11 death yaks
  An orc high priest (Orc:1)
  6 two-headed ogres
  3 tengu warriors
  A queen ant (Lair:3)
  Urug (Lair:3)
  Sonja (D:10)
  A deep elf knight (D:14)
  The ghost of chimba the Cleaver, a novice MiBe of Trog (D:6)
  A sea snake (Lair:6)
  3 unseen horrors
  A glowing orange brain (D:15)
  A wizard (D:15)
  Pikel (D:8)
  A deep troll (D:14)
  10 ugly things
  An oklob plant (Lair:3)
  2 harpies (Lair:6)
  3 necromancers
  A wolf spider (D:12)
  2 deep elf magi
  5 cyclopes
  An elephant (shapeshifter) (D:15)
  4 orc sorcerers
  2 centaur zombies
  4 black mambas
  2 merfolk sirens (Lair:4)
  A manticore (D:14)
  19 elephants
  2 molten gargoyles (Gauntlet)
  19 cane toads
  4 gargoyles
  7 centaur skeletons
  7 rime drakes
  13 komodo dragons
  An efreet (D:14)
  3 yaktaurs (D:15)
  An ice devil (Gauntlet)
  A redback zombie (D:15)
  A jumping spider (shapeshifter) (D:14)
  8 trolls
  4 polar bears
  A troll (shapeshifter) (D:15)
  A queen bee (Gauntlet)
  2 hornets (Lair:6)
  A merfolk (Lair:4)
  A wind drake (Lair:6)
  10 blink frogs
  10 slime creatures
  6 dream sheep
  A harpy skeleton (D:15)
  Prince Ribbit (D:8)
  2 shadows
  3 wyverns
  A vampire (D:14)
  A wraith (D:9)
  18 humans (D:14)
  55 yaks
  The ghost of Zing the Slasher, an amateur BaFi (D:3)
  A basilisk (D:15)
  6 vampire mosquitoes
  3 nagas (Lair:4)
  19 water moccasins
  A warg (Orc:2)
  13 soldier ants
  An acid dragon (D:14)
  17 orc warriors
  A sky beast (D:14)
  A hornet zombie (D:15)
  An ice beast (D:6)
  A necrophage (D:7)
  3 black bears
  A phantom (D:8)
  14 wolves
  8 centaurs
  7 ogres
  4 big kobolds
  18 bullfrogs
  A gnoll sergeant (D:12)
  Dowan (D:5)
  2 wyvern skeletons (D:13)
  5 scorpions
  14 killer bees
  A water moccasin skeleton (D:7)
  4 howler monkeys
  19 wights
  An electric eel (Lair:4)
  3 bullfrog zombies
  A jelly (D:11)
  2 quasits
  4 hounds
  34 orc wizards
  A bullfrog skeleton (D:13)
  22 orc priests
  9 iguanas
  14 hell rats (Lair:5)
  25 worker ants
  2 yak simulacra (Lair:2)
  A statue (D:9)
  7 wolf simulacra (Lair:2)
  A hound skeleton (D:11)
  A worker ant zombie (D:9)
  6 gnolls
  13 adders
  2 shadow imps
  4 white imps
  3 ufetubi
  2 oozes
  3 adder skeletons
  2 adder zombies
  A worm (D:3)
  The ghost of Arafaate the Vexing, a weakling FoAM (D:15)
  A dart slug (D:1)
  4 leopard geckos
  52 orcs
  A ball python (D:3)
  7 giant cockroaches
  3 goblins
  2 hobgoblins (D:2)
  6 jackals
  19 kobolds
  5 quokkas
  5 bats
  4 frilled lizards (D:2)
  A leopard gecko skeleton (D:6)
  A quokka skeleton (D:4)
  3 rats
  2 river rat simulacra (Lair:2)
  A butterfly (Lair:2)
760 creatures vanquished.

Vanquished Creatures (collateral kills)
  An unseen horror (D:15)
  A hornet (Lair:4)
  A wyvern (D:12)
  Duvessa (D:5)
  A black bear (D:8)
  2 centaurs
  A necrophage (D:6)
  3 scorpions
  3 wights (D:7)
  A killer bee (D:10)
  2 bullfrog zombies
  A centaur zombie (D:5)
  2 hounds
  An orc priest (D:4)
  A centaur skeleton (D:4)
  An iguana (D:6)
  A worker ant (D:4)
  3 orc wizards
  2 gnolls (D:5)
  7 adders
  A shadow imp (D:6)
  2 dart slugs (D:2)
  3 leopard geckos
  12 orcs
  2 bats (D:3)
  2 giant cockroaches
  3 goblins
  3 hobgoblins
  5 jackals
  3 quokkas
  2 frilled lizards (D:2)
  6 kobolds
  2 quokka skeletons (D:4)
82 creatures vanquished.

Vanquished Creatures (others)
  A necromancer (D:14)
  A hornet (Lair:6)
  3 humans (D:15)
  An orc wizard (D:9)
  A worker ant (D:14)
  2 orcs (D:9)
  69 fungi
  105 plants
  A withered plant (Gauntlet)
184 creatures vanquished.

Grand Total: 1026 creatures vanquished

Notes
Turn   | Place    | Note
-------+----------+-------------------------------------------
     0 | D:1      | Ignak the Gnoll Hedge Wizard began the quest for the Orb.
     0 | D:1      | Reached XP level 1. HP: 13/13 MP: 8/8
    93 | D:1      | Reached XP level 2. HP: 19/19 MP: 3/10
   100 | D:1      | Learned a level 2 spell: Blink
   103 | D:1      | Learned a level 2 spell: Call Imp
  1063 | D:2      | Reached XP level 3. HP: 25/25 MP: 3/11
  1097 | D:2      | Learned a level 3 spell: Mephitic Cloud
  1793 | D:2      | Reached skill level 1 in Invocations
  1883 | D:2      | Reached skill level 1 in Fighting
  1883 | D:2      | Reached skill level 1 in Short Blades
  1883 | D:2      | Reached skill level 1 in Long Blades
  1883 | D:2      | Reached skill level 1 in Axes
  1883 | D:2      | Reached skill level 1 in Maces & Flails
  1883 | D:2      | Reached skill level 1 in Polearms
  1883 | D:2      | Reached skill level 1 in Staves
  1883 | D:2      | Reached skill level 1 in Slings
  1883 | D:2      | Reached skill level 1 in Bows
  1883 | D:2      | Reached skill level 1 in Crossbows
  1883 | D:2      | Reached skill level 1 in Throwing
  1883 | D:2      | Reached skill level 1 in Armour
  1883 | D:2      | Reached skill level 1 in Shields
  1883 | D:2      | Reached skill level 1 in Unarmed Combat
  1883 | D:2      | Reached skill level 1 in Evocations
  1883 | D:2      | Reached XP level 4. HP: 32/32 MP: 10/13
  2060 | D:3      | Found an ancient bone altar of Kikubaaqudgha.
  2133 | D:3      | Reached skill level 1 in Hexes
  2133 | D:3      | Reached skill level 1 in Necromancy
  2133 | D:3      | Reached skill level 1 in Transmutations
  2133 | D:3      | Reached skill level 1 in Fire Magic
  2133 | D:3      | Reached skill level 1 in Ice Magic
  2133 | D:3      | Reached skill level 1 in Air Magic
  2133 | D:3      | Reached skill level 1 in Earth Magic
  2133 | D:3      | Reached skill level 1 in Poison Magic
  2457 | D:3      | Reached XP level 5. HP: 37/37 MP: 9/14
  3040 | D:4      | Found a runed translucent gate.
  3040 | D:4      | Found a runed translucent gate.
  3040 | D:4      | Found a runed translucent gate.
  3040 | D:4      | Noticed a big kobold
  3040 | D:4      | Identified the cursed +0 whip "Mop Xek" {chaos, rC+}
  3040 | D:4      | Noticed a big kobold
  3041 | D:4      | Noticed Zing's ghost (amateur BaFi)
  3107 | D:4      | Reached XP level 6. HP: 23/44 MP: 5/16
  3218 | D:4      | Reached skill level 5 in Dodging
  3328 | D:4      | Found a sacrificial altar of Ru.
  3623 | D:4      | Reached XP level 7. HP: 45/50 MP: 10/18
  4512 | D:5      | Entered Level 5 of the Dungeon
  4522 | D:5      | Noticed Duvessa
  4530 | D:5      | Noticed Dowan
  4672 | D:5      | Killed Duvessa
  4673 | D:5      | Reached skill level 5 in Stealth
  4676 | D:5      | Killed Dowan
  5136 | D:5      | Reached XP level 8. HP: 52/57 MP: 17/19
  5581 | D:6      | Found a transporter.
  5587 | D:6      | Found a transporter.
  5589 | D:6      | Noticed chimba's ghost (novice MiBe)
  6402 | D:7      | Reached skill level 8 in Spellcasting
  6777 | D:7      | Found a glowing golden altar of the Shining One.
  6811 | D:7      | Found a staircase to the Ecumenical Temple.
  6844 | Temple   | Entered the Ecumenical Temple
  6978 | Temple   | Became a worshipper of Sif Muna the Loreminder
  7316 | D:7      | Found an opulent altar of Gozag.
  7473 | D:8      | Noticed Prince Ribbit
  7484 | D:8      | Killed Prince Ribbit
  7485 | D:8      | Reached XP level 9. HP: 34/64 MP: 15/21
  7811 | D:5      | Learned a level 2 spell: Slow
  7885 | D:6      | Killed chimba's ghost
  8279 | D:3      | Killed Zing's ghost
  8595 | D:8      | Found Haozuchy's Magic Scroll Shop.
  8610 | D:8      | Bought a scroll of magic mapping for 56 gold pieces
  8612 | D:8      | Bought a scroll of acquirement for 832 gold pieces
  8619 | D:8      | Acquired a +1 buckler of protection
  8737 | D:8      | Found Plog's Weapon Shoppe.
  8757 | D:8      | Reached skill level 5 in Invocations
  8821 | D:7      | Reached * piety under Sif Muna
  8872 | D:8      | Noticed Pikel
  8906 | D:8      | Killed Pikel
  8907 | D:8      | Reached XP level 10. HP: 71/72 MP: 22/22
  8919 | D:8      | Reached skill level 5 in Fighting
  8919 | D:8      | Reached skill level 5 in Short Blades
  8919 | D:8      | Reached skill level 5 in Long Blades
  8919 | D:8      | Reached skill level 5 in Axes
  8919 | D:8      | Reached skill level 5 in Maces & Flails
  8919 | D:8      | Reached skill level 5 in Polearms
  8919 | D:8      | Reached skill level 5 in Staves
  8919 | D:8      | Reached skill level 5 in Slings
  8919 | D:8      | Reached skill level 5 in Bows
  8919 | D:8      | Reached skill level 5 in Crossbows
  8919 | D:8      | Reached skill level 5 in Throwing
  8919 | D:8      | Reached skill level 5 in Armour
  8919 | D:8      | Reached skill level 5 in Shields
  8919 | D:8      | Reached skill level 5 in Unarmed Combat
  8919 | D:8      | Reached skill level 5 in Evocations
  9060 | D:8      | Found Saosm's General Store.
  9277 | D:8      | Found Akkaugom's Antique Weapon Shop.
  9431 | D:8      | Found Gaijar's Antique Armour Emporium.
  9951 | D:9      | Found a hazy altar of Hepliaklqana.
  9952 | D:9      | Found a snail-covered altar of Cheibriados.
  9952 | D:9      | Found a sparkling altar of Nemelex Xobeh.
  9953 | D:9      | Found a glowing silver altar of Zin.
 10099 | D:9      | Reached skill level 9 in Spellcasting
 10115 | D:9      | Found a radiant altar of Vehumet.
 10472 | D:9      | Noticed a two-headed ogre
 10493 | D:9      | Killed a two-headed ogre
 10494 | D:9      | Reached skill level 5 in Conjurations
 10494 | D:9      | Reached skill level 5 in Summonings
 10494 | D:9      | Reached skill level 5 in Translocations
 10665 | D:10     | Entered Level 10 of the Dungeon
 10708 | D:10     | Reached ** piety under Sif Muna
 10895 | D:10     | Noticed a two-headed ogre
 10928 | D:10     | Killed a two-headed ogre
 10929 | D:10     | Reached XP level 11. HP: 65/80 MP: 15/24
 11007 | D:10     | Found a staircase to the Lair.
 11140 | D:10     | Noticed Sonja
 11151 | D:10     | Killed Sonja
 11268 | D:10     | Reached skill level 5 in Hexes
 11268 | D:10     | Reached skill level 5 in Necromancy
 11268 | D:10     | Reached skill level 5 in Transmutations
 11268 | D:10     | Reached skill level 5 in Fire Magic
 11268 | D:10     | Reached skill level 5 in Ice Magic
 11268 | D:10     | Reached skill level 5 in Air Magic
 11268 | D:10     | Reached skill level 5 in Earth Magic
 11268 | D:10     | Reached skill level 5 in Poison Magic
 11783 | D:11     | Noticed a white ugly thing
 11793 | D:11     | Noticed a white ugly thing
 11809 | D:10     | Learned a level 3 spell: Teleport Other
 11830 | D:11     | Killed a green ugly thing
 12117 | D:11     | Noticed a red ugly thing
 12278 | D:10     | Killed a cyan ugly thing
 12395 | D:10     | Killed a white ugly thing
 12582 | D:11     | Noticed a purple ugly thing
 12597 | D:11     | Killed a purple ugly thing
 12600 | D:11     | Reached *** piety under Sif Muna
 13487 | D:12     | Noticed a wolf spider
 13525 | D:12     | Killed a wolf spider
 13650 | D:12     | Found a staircase to the Orcish Mines.
 13738 | D:12     | Reached XP level 12. HP: 64/89 MP: 23/25
 13802 | D:12     | Found a blossoming altar of Fedhas.
 13859 | D:12     | Reached skill level 10 in Spellcasting
 14001 | D:12     | Reached **** piety under Sif Muna
 15439 | Orc:1    | Entered Level 1 of the Orcish Mines
 15681 | D:8      | Bought a pair of runed boots for 210 gold pieces
 16449 | Orc:2    | Entered Level 2 of the Orcish Mines
 16800 | Orc:2    | Found a staircase to the Elven Halls.
 16807 | Orc:2    | Noticed an ettin
 16853 | Orc:1    | Killed an ettin
 17002 | Orc:2    | Noticed a stone giant
 17067 | Orc:1    | Killed a stone giant
 17375 | Orc:2    | Reached ***** piety under Sif Muna
 17375 | Orc:2    | Identified Pokless's Grimoire of Hurtful Bewitchment (Sif
                  | Muna gifted it to you on level 2 of the Orcish Mines)
 17375 | Orc:2    | Received a gift from Sif Muna
 17403 | Orc:1    | Learned a level 4 spell: Hailstorm
 17409 | Orc:1    | Learned a level 5 spell: Lightning Bolt
 17413 | Orc:1    | Learned a level 3 spell: Tukima's Dance
 17457 | Orc:2    | Noticed an orc high priest
 17671 | Orc:1    | Noticed a sun demon
 17676 | Orc:1    | Killed an orc high priest
 17677 | Orc:1    | Reached XP level 13. HP: 29/98 MP: 2/27
 18528 | Orc:2    | Found Nupog's General Store.
 18528 | Orc:2    | Found Birir's Book Shop.
 18528 | Orc:2    | Found Jugeic's Jewellery Boutique.
 18533 | Orc:2    | Found Gegoexut's Assorted Antiques.
 18948 | Lair:1   | Entered Level 1 of the Lair of Beasts
 19535 | Orc:2    | Bought a book of the Tempests for 910 gold pieces
 20404 | Lair:1   | Learned a level 9 spell: Shatter
 20906 | Lair:2   | Received a gift from Sif Muna
 20927 | Lair:2   | Learned a level 4 spell: Sticky Flame
 20933 | Lair:2   | Learned a level 5 spell: Fireball
 21230 | Lair:3   | Noticed Urug
 21248 | Lair:3   | Killed Urug
 21353 | Lair:2   | Reached skill level 11 in Spellcasting
 22011 | Lair:3   | Reached XP level 14. HP: 56/106 MP: 5/29
 22157 | Lair:3   | You fall into a shaft and drop 1 floor!
 22232 | Lair:3   | Reached skill level 10 in Dodging
 22407 | Lair:3   | Acquired a +4 ring of protection
 23239 | Lair:4   | Paralysed by a hornet for 3 turns
 23246 | Lair:4   | Found a staircase to the Shoals.
 23261 | Lair:4   | Reached skill level 10 in Stealth
 23446 | Lair:4   | Found a staircase to the Snake Pit.
 23869 | Lair:4   | Noticed an entropy weaver
 23871 | Lair:4   | Noticed an entropy weaver
 23951 | Lair:4   | Reached skill level 10 in Invocations
 24189 | Lair:3   | Killed an entropy weaver
 24401 | Lair:3   | Killed an entropy weaver
 25248 | Lair:5   | Found a staircase to the Slime Pits.
 25959 | Orc:2    | Bought a scroll of enchant armour for 105 gold pieces
 25963 | Orc:2    | Bought a scroll of enchant weapon for 240 gold pieces
 26159 | Lair:5   | Got a crude scale mail
 26160 | Lair:5   | Identified the +1 scale mail of the Game of Life {Dex+7}
                  | (You found it on level 5 of the Lair of Beasts)
 26407 | Lair:5   | Reached XP level 15. HP: 80/115 MP: 6/30
 27058 | Lair:6   | Entered Level 6 of the Lair of Beasts
 27083 | Lair:6   | Found a gate leading to a gauntlet.
 27092 | Gauntlet | Entered a Gauntlet
 27092 | Gauntlet | Found a transporter.
 27100 | Gauntlet | Found a transporter.
 27102 | Gauntlet | Found a transporter.
 27129 | Gauntlet | Found a transporter.
 27131 | Gauntlet | Found a transporter.
 27140 | Gauntlet | Found a transporter.
 27154 | Gauntlet | Found a runed translucent door.
 27156 | Gauntlet | Found a transporter.
 27158 | Gauntlet | Found a runed translucent door.
 27163 | Gauntlet | Found a transporter.
 27176 | Gauntlet | Found a transporter.
 27191 | Gauntlet | Found a transporter.
 27206 | Gauntlet | Found a transporter.
 27253 | Gauntlet | Found a transporter.
 27267 | Gauntlet | Found a transporter.
 27276 | Gauntlet | Found a transporter.
 27665 | Gauntlet | Got a heavily runed golden ring
 27943 | Gauntlet | Identified the ring of Jifogh {rPois Str+3} (You found it
                  | in a Gauntlet)
 27975 | Gauntlet | Got a fine robe
 27987 | Gauntlet | Identified the +0 robe of Makhleb's Indignation {+Fly
                  | Dex+2} (You found it in a Gauntlet)
 28095 | Lair:6   | Reached skill level 12 in Spellcasting
 28132 | Lair:6   | Reached skill level 10 in Fighting
 28132 | Lair:6   | Reached skill level 10 in Short Blades
 28132 | Lair:6   | Reached skill level 10 in Long Blades
 28132 | Lair:6   | Reached skill level 10 in Axes
 28132 | Lair:6   | Reached skill level 10 in Maces & Flails
 28132 | Lair:6   | Reached skill level 10 in Polearms
 28132 | Lair:6   | Reached skill level 10 in Staves
 28132 | Lair:6   | Reached skill level 10 in Slings
 28132 | Lair:6   | Reached skill level 10 in Bows
 28132 | Lair:6   | Reached skill level 10 in Crossbows
 28132 | Lair:6   | Reached skill level 10 in Throwing
 28132 | Lair:6   | Reached skill level 10 in Armour
 28132 | Lair:6   | Reached skill level 10 in Shields
 28132 | Lair:6   | Reached skill level 10 in Unarmed Combat
 28132 | Lair:6   | Reached skill level 10 in Evocations
 29985 | D:13     | Got a bloodstained hunting sling
 29986 | D:13     | Identified the +8 hunting sling of Ataxouc {freeze, rPois
                  | MP+9 Int+4} (You found it on level 13 of the Dungeon)
 30626 | D:13     | Got a brightly glowing short sword
 30627 | D:13     | Identified the +9 short sword of Unuippamice {drain, rPois
                  | rC- Str+7 Int+4} (You found it on level 13 of the Dungeon)
 30768 | D:14     | Reached XP level 16. HP: 123/123 MP: 32/32
 30814 | D:14     | Noticed Snorg
 30841 | D:14     | Killed Snorg
 31405 | D:14     | Found a gate to the Vaults.
 31430 | D:14     | Got a shimmering amethyst amulet
 31457 | D:14     | Identified the amulet of the Eagle {Inacc rF+ rC++ Str+4
                  | Stlth-} (You found it on level 14 of the Dungeon)
 31523 | D:14     | Identified Geisiplibiu's Catalogue of Supportive Black
                  | Rituals (Sif Muna gifted it to you on level 14 of the
                  | Dungeon)
 31523 | D:14     | Received a gift from Sif Muna
 32178 | D:14     | Acquired 911 gold pieces
 32273 | D:15     | Entered Level 15 of the Dungeon
 32310 | D:15     | Found a transporter.
 32313 | D:15     | Found a transporter.
 32313 | D:15     | Noticed Arafaate's ghost (weakling FoAM)
 32524 | D:15     | Noticed Kirke
 32561 | D:15     | Killed Kirke
 33111 | D:15     | Found a staircase to the Depths.
 33661 | D:15     | Killed Arafaate's ghost
 33668 | D:15     | Killed from afar by a frost giant

Illustrated notes

Levels and vault maps discovered:
D:1:      ncdulo_watergridlock, layout_basic
D:2:      layout_loops_corners
D:3:      layout_basic, general_overflow_altar
D:4:      minmay_polygon_palace, layout_basic, nicolae_overflow_crystal_walls,
          gammafunk_ghost_nasty_kobolds, serial_aquarium,
          aquarium_bridge_long_joined [aquarium_subvault_wall,
          aquarium_subvault_bridge, aquarium_subvault_wall,
          aquarium_subvault_wall, aquarium_subvault_wall,
          aquarium_subvault_window], aquarium_window_fake, aquarium_window_1,
          aquarium_view_2e, aquarium_view_2g, aquarium_balcony_3a
D:5:      kennysheep_big_flooded_room, layout_basic, uniq_duvessa
D:6:      layout_gridville, gammafunk_ghost_arena
D:7:      layout_cave_pods, kennysheep_mini_moat,
          minmay_temple_entry_large_hall, basic_altar, hangedman_decor_slide_cut
D:8:      layout_cave_pods, serial_shops, nicolae_shop_window_shopping,
          nicolae_shop_stone, shop_fountains, shop, shop_statue,
          uniq_prince_ribbit1, uniq_pikel
D:9:      layout_loops_corners, chequers_temple_overflow_statue_of_worship,
          vehumet_statue, solitary_fountain, lemuel_flame_loot_1
D:10:     layout_basic, lair_entry_dummy, uniq_sonja
D:11:     layout_basic, evilmike_butchery
D:12:     layout_stronghold, orc_0_dummy, fedhas_altar_3
D:13:     layout_long_grid
D:14:     layout_small_grid, grunt_vaults_entry_tiered,
          chequers_serial_rivers_small_b, minmay_pinched_square, uniq_snorg
D:15:     gammafunk_enter_depths_forms, layout_small_grid,
          kennysheep_pointless_box, gammafunk_ghost_arena, uniq_kirke
Temple:   minmay_temple_curvy_branch
Lair:1:   layout_roguey
Lair:2:   layout_gridlike, serial_forest, infiniplex_forest_side_room,
          infiniplex_forest_lined_4_way, infiniplex_forest_end_2,
          infiniplex_forest_clump_curved, infiniplex_forest_lined_corner,
          eino_house_with_fridge, lemuel_fruit_fields
Lair:3:   layout_loops_ring, serial_bayou_shore_b, minmay_lair_oklob_chamber,
          uniq_urug
Lair:4:   layout_roguey, elwin_shoals_entry_rooms,
          minmay_snake_entry_guardpost_small, zaba_antful_of_joy
Lair:5:   layout_cave_pods, slime_dummy, minmay_shattered_shrine,
          infiniplex_staircase_pool_2
Lair:6:   gammafunk_lair_ancient_temple, layout_regular_city,
          gauntlet_entry_generic, serial_bayou_pond_b, st_stairs_10,
          infiniplex_staircase_pool
Orc:1:    layout_caves
Orc:2:    st_orc_mages, layout_diamond_mine, nicolae_orc_lava_room

Skill      XL: |  1  2  3  4  5  6  7  8  9 10 11 12 13 14 15 16 |
---------------+-------------------------------------------------+-----
Conjurations   | 2 3 4 5 6 7 8 9 |  9.6
Summonings     | 2 3 4 5 6 7 8 9 |  9.6
Translocations | 2 3 4 5 6 7 8 9 |  9.6
Invocations    | 1 2 3 4 5 6 7 8 9 10 11 | 11.9
Fighting       | 1 2 3 4 5 6 7 8 9 10 11 | 11.0
Short Blades   | 1 2 3 4 5 6 7 8 9 10 11 | 11.0
Long Blades    | 1 2 3 4 5 6 7 8 9 10 11 | 11.0
Axes           | 1 2 3 4 5 6 7 8 9 10 11 | 11.0
Maces & Flails | 1 2 3 4 5 6 7 8 9 10 11 | 11.0
Polearms       | 1 2 3 4 5 6 7 8 9 10 11 | 11.0
Staves         | 1 2 3 4 5 6 7 8 9 10 11 | 11.0
Slings         | 1 2 3 4 5 6 7 8 9 10 11 | 11.0
Bows           | 1 2 3 4 5 6 7 8 9 10 11 | 11.0
Crossbows      | 1 2 3 4 5 6 7 8 9 10 11 | 11.0
Throwing       | 1 2 3 4 5 6 7 8 9 10 11 | 11.0
Armour         | 1 2 3 4 5 6 7 8 9 10 11 | 11.0
Shields        | 1 2 3 4 5 6 7 8 9 10 11 | 11.0
Unarmed Combat | 1 2 3 4 5 6 7 8 9 10 11 | 11.0
Evocations     | 1 2 3 4 5 6 7 8 9 10 11 | 11.0
Hexes          | 1 2 3 4 5 6 7 8 9 |  9.4
Necromancy     | 1 2 3 4 5 6 7 8 9 |  9.4
Transmutations | 1 2 3 4 5 6 7 8 9 |  9.4
Fire Magic     | 1 2 3 4 5 6 7 8 9 |  9.4
Ice Magic      | 1 2 3 4 5 6 7 8 9 |  9.4
Air Magic      | 1 2 3 4 5 6 7 8 9 |  9.4
Earth Magic    | 1 2 3 4 5 6 7 8 9 |  9.4
Poison Magic   | 1 2 3 4 5 6 7 8 9 |  9.4
Dodging        | 5 6 7 8 9 10 11 | 11.8
Stealth        | 5 6 7 8 9 10 11 | 11.7
Spellcasting   | 8 9 10 11 12 | 12.8

Action                   |  1- 3 |  4- 6 |  7- 9 | 10-12 | 13-15 | 16-18 || total
-------------------------+-------+-------+-------+-------+-------+-------++-------
Melee: Dagger            |    27 |       |    13 |       |       |       ||    40
       Punch             |     1 |     1 |     6 |       |       |       ||     8
       Great sword       |    14 |    40 |       |       |       |       ||    54
       Bite              |     3 |    23 |    39 |   100 |   133 |    97 ||   395
       Staff             |       |   128 |   241 |       |       |       ||   369
       Long sword        |       |       |   110 |   853 |   994 |       ||  1957
       Hand axe          |       |       |     8 |       |       |       ||     8
       War axe           |       |       |     8 |       |       |       ||     8
       Glaive            |       |       |     1 |       |       |       ||     1
       Short sword       |       |       |       |       |    16 |   620 ||   636
Throw: Dart              |       |       |       |    16 |     6 |       ||    22
 Cast: Magic Dart        |    11 |     8 |    67 |    35 |       |       ||   121
       Call Imp          |    24 |    41 |    69 |    34 |     7 |       ||   175
       Mephitic Cloud    |       |     7 |     6 |    22 |     3 |     3 ||    41
       Blink             |       |       |    15 |    21 |    17 |     2 ||    55
       Slow              |       |       |    10 |    14 |    17 |       ||    41
       Teleport Other    |       |       |       |     3 |       |       ||     3
       Hailstorm         |       |       |       |     9 |    77 |     2 ||    88
       Lightning Bolt    |       |       |       |     3 |    27 |     3 ||    33
       Fireball          |       |       |       |       |     7 |    14 ||    21
       Sticky Flame      |       |       |       |       |    35 |     4 ||    39
       Shatter           |       |       |       |       |     5 |     2 ||     7
       Tornado           |       |       |       |       |     1 |       ||     1
Invok: Channel Magic     |       |       |       |     1 |       |       ||     1
       Divine Exegesis   |       |       |       |       |     6 |     2 ||     8
Evoke: Wand              |       |       |    14 |    22 |    23 |     2 ||    61
       Phantom mirror    |       |       |       |       |     1 |     2 ||     3
  Use: Scroll            |       |     6 |    11 |    10 |    27 |     2 ||    56
       Potion            |       |       |     2 |     4 |     4 |       ||    10
 Stab: Sleeping          |     3 |     2 |     4 |    10 |    14 |     5 ||    38
       Confused          |       |     7 |     7 |    15 |       |       ||    29
       Distracted        |       |     1 |     4 |     3 |     2 |     3 ||    13
       Paralysed         |       |       |       |       |     2 |       ||     2
       Petrified         |       |       |       |       |     1 |       ||     1
Armor: Ring mail         |    16 |    85 |   177 |   230 |   529 |       ||  1037
       Scale mail        |       |       |       |   163 |       |       ||   163
       Skin              |       |       |       |       |    29 |       ||    29
       Acid dragon scale |       |       |       |       |    35 |   182 ||   217
       Robe              |       |       |       |       |    18 |       ||    18
Dodge: Dodged            |    48 |   186 |   326 |   560 |   914 |   283 ||  2317
Block: Buckler           |       |       |    12 |   340 |   521 |   173 ||  1046
       Rpst.: Great sword |     8 |    15 |       |       |       |       ||    23
       Long sword        |       |       |    24 |   131 |   239 |       ||   394

Table legend: (Time is in decaauts)
 A = Elapsed time spent in this place.
 B = Non-inter-level travel time spent in this place.
 C = Inter-level travel time spent in this place.
 D = Time resting spent in this place.
 E = Time spent auto-exploring this place.
 F = Levels seen in this place.
 G = Mean time per level.
                   A        B        C        D        E       F      G
               +--------+--------+--------+--------+--------+-----+--------+
         Total |  33563 |  32073 |   1490 |   5689 |  13245 |  25 | 1342.5 |
       Dungeon |  19677 |  18758 |    919 |   2409 |   8021 |  15 | 1311.8 |
        Temple |    157 |    157 |      0 |      0 |    128 |   1 |  157.0 |
          Lair |   9515 |   9145 |    370 |   2071 |   4076 |   6 | 1585.8 |
  Orcish Mines |   3326 |   3126 |    200 |   1078 |    834 |   2 | 1663.0 |
      Gauntlet |    885 |    885 |      0 |    131 |    185 |   1 |  885.0 |
               +--------+--------+--------+--------+--------+-----+--------+

Top non-repeatable levels by time:
    D:12: 2317 daAuts
  Lair:3: 2314 daAuts
  Lair:5: 2110 daAuts
     D:4: 2012 daAuts
   Orc:1: 2004 daAuts
    D:10: 1620 daAuts
  Lair:2: 1416 daAuts
  Lair:4: 1416 daAuts
  Lair:6: 1351 daAuts
    D:11: 1346 daAuts
   Orc:2: 1321 daAuts
     D:9: 1310 daAuts
     D:2: 1274 daAuts
    D:15: 1262 daAuts
     D:6: 1238 daAuts
